 Dungeon Crawl Stone Soup version 0.31-a0-174-g85c54bcb58 (webtiles) character file.

Game seed: 8641818473483306409

769 Anon1729 the Trooper (level 7, -4/62 HPs)
             Began as a Minotaur Monk on June 15, 2023.
             Slain by a troll (10 damage)
             ... on level 6 of the Dungeon.
             The game lasted 00:02:31 (4289 turns).

Anon1729 the Trooper (Minotaur Monk)                Turns: 4289, Time: 00:02:32

Health: -4/62      AC:  3    Str: 14 (16) XL:     7   Next: 52%
Magic:  8/8        EV: 14    Int:  6 (7)  God:
Gold:   133        SH:  0    Dex: 13 (14) Spells: 6/6 levels left

rFire   . . .        k - +0 dagger (vamp)
rCold   . . .        d - orb {light}
rNeg    . . .        b - +0 robe
rPois   .            (helmet restricted)
rElec   .            (no cloak)
rCorr   .            (no gloves)
SInv    .            o - +0 pair of boots
Will    .....        e - amulet of the acrobat
Stlth   +            (no ring)
HPRegen 0.30/turn    (no ring)
MPRegen 0.11/turn

%: acrobat
@: hasted, glowing, very quick
A: horns 2, retaliatory headbutt
a: no special abilities


You were on level 6 of the Dungeon.
You visited 1 branch of the dungeon, and saw 6 of its levels.

You collected 276 gold pieces.
You spent 143 gold pieces at shops.

Inventory:

Hand Weapons
 a - a +0 short sword
 k - a +0 vampiric dagger (weapon)
Armour
 b - a +0 robe (worn)
 d - an orb of light (worn)
 o - a +0 pair of boots (worn)
Jewellery
 e - an amulet of the acrobat (around neck)
 j - a ring of positive energy
 l - a ring of willpower
 w - an amulet of reflection
Wands
 i - a wand of polymorph (7)
Scrolls
 h - 8 scrolls of identify {unknown}
 m - a scroll of noise {unknown}
 n - a scroll of revelation {unknown}
 s - a scroll of enchant armour {unknown}
 u - a scroll of fear {unknown}
 x - a scroll of vulnerability {unknown}
Potions
 c - 2 potions of ambrosia
 f - 2 potions of degeneration
 g - a potion of berserk rage
 p - a potion of heal wounds {unknown}
 q - a potion of attraction {unknown}
 t - a potion of enlightenment {unknown}
 v - a potion of mutation {unknown}


   Skills:
 + Level 5.8 Fighting
 + Level 5.2 Short Blades
 + Level 4.2 Armour
 + Level 5.2 Dodging
 + Level 3.4 Invocations


You had 6 spell levels left.
You didn't know any spells.
Your spell library contained the following spells:

 Spells                   Type           Power      Damage    Failure   Level
 Sting                    Tmut/Pois      0%         1d3       45%         1
 Poisonous Vapours        Pois/Air       0%         N/A       58%         2
 Portal Projectile        Hex/Tloc       0%         N/A       83%         3
 Tukima's Dance           Hex            0%         N/A       83%         3
 Animate Dead             Necr           0%         N/A       99%         4
 Olgreb's Toxic Radiance  Pois           0%         N/A       99%         4
 Blade Hands              Tmut           0%         N/A       100%        5
 Borgnjor's Vile Clutch   Necr/Erth      0%         N/A       100%        5
 Death Channel            Necr           0%         N/A       100%        6


Dungeon Overview and Level Annotations

Branches:
Dungeon (6/15)
 Temple: D:4-7

Altars:
Fedhas
Xom

Shops:
D:4 !=

Annotations:
D:3 1 runed translucent door, t4s4d4r's ghost, amateur DgFi


Innate Abilities, Weirdness & Mutations

You have a pair of horns on your head.
You reflexively headbutt those who attack you in melee.


Message History

The troll is lightly wounded.
The troll barely misses you. You furiously retaliate!
You headbutt the troll. The troll claws you! x2
You are too injured to fight recklessly!
You are too injured to fight recklessly!
You are too injured to fight recklessly!
You are too injured to fight recklessly!
You are too injured to fight recklessly!
You are too injured to fight recklessly!
You are too injured to fight recklessly!
You are too injured to fight recklessly!
You are too injured to fight recklessly!
You are too injured to fight recklessly!
You are too injured to fight recklessly!
You are too injured to fight recklessly!
You are too injured to fight recklessly!
You are too injured to fight recklessly!
You are too injured to fight recklessly!
You are too injured to fight recklessly!
You are too injured to fight recklessly!
You are too injured to fight recklessly!
You are too injured to fight recklessly!
You are too injured to fight recklessly!
You hit the troll but do no damage.
The troll is lightly wounded.
You hear the slow rusting of a drain very nearby.
You hit the troll but do no damage.
The troll is lightly wounded.
The troll misses you. The troll claws you but does no damage.
The troll claws you!
* * * LOW HITPOINT WARNING * * *
You feel yourself speed up. The troll bites you!
* * * LOW HITPOINT WARNING * * *
The troll closely misses you. The troll claws you.
* * * LOW HITPOINT WARNING * * *
It was a potion of degeneration.
There was something very wrong with that liquid.
You feel weakened.
You feel dopey.
You feel clumsy. The troll bites you!
You die...

####..# ##### ## ##.#
#..## ). ## #.#####..##
.. .# #.#~~~#....
.####.# #.#####.#.#
.....####.#####....
.............#....
##.#.##T.<########.#....
#......@.# #.#....
..######.####### #......
#.......###......
#####.#.##..#####
###...#...# #...<.#.#.##
####...>....
#..#.#.##### #....#.#
#..


You could see a troll.

Vanquished Creatures
  A black bear (D:4)
  2 ogres (D:5)
  A centaur (D:6)
  2 bullfrogs
  A hound (D:4)
  Jessica (D:2)
  2 iguanas
  Robin (D:2)
  4 gnolls (D:5)
  5 adders
  An ufetubus (D:5)
  A worm (D:3)
  2 dart slugs
  13 orcs
  6 endoplasms
  3 giant cockroaches
  8 goblins
  4 hobgoblins
  2 quokkas (D:4)
  5 ball pythons
  2 bats
  3 frilled lizards
  9 kobolds
  3 rats
82 creatures vanquished.

Notes
Turn   | Place    | Note
-------+----------+-------------------------------------------
     0 | D:1      | Anon1729 the Minotaur Monk began the quest for the Orb.
     0 | D:1      | Reached XP level 1. HP: 19/19 MP: 0/0
   484 | D:1      | Reached XP level 2. HP: 27/27 MP: 1/1
   638 | D:2      | Reached skill level 1 in Armour
   675 | D:2      | Noticed Jessica
   677 | D:2      | Killed Jessica
   678 | D:2      | Reached skill level 1 in Invocations
   678 | D:2      | Reached XP level 3. HP: 33/33 MP: 2/2
   706 | D:2      | Found a faded altar of an unknown god.
   824 | D:2      | Identified the +4 sling of Jaluel {antimagic, Contam rC+
                  | rCorr Int+3}
   850 | D:2      | Noticed Robin
   861 | D:2      | Killed Robin
   862 | D:2      | Reached XP level 4. HP: 35/40 MP: 2/4
   915 | D:2      | Found a shimmering altar of Xom.
  1607 | D:3      | Found a runed translucent door.
  1609 | D:3      | Noticed t4s4d4r's ghost (amateur DgFi)
  2328 | D:4      | Reached XP level 5. HP: 25/47 MP: 5/5
  2445 | D:4      | Found Zatenaet's Distillery.
  2452 | D:4      | Noticed a black bear
  2462 | D:4      | Killed a black bear
  2465 | D:4      | Reached XP level 6. HP: 27/55 MP: 6/6
  2564 | D:4      | Bought a potion of curing for 33 gold pieces
  2564 | D:4      | Bought a potion of haste for 110 gold pieces
  2646 | D:4      | Identified the +7 whip of Dishonesty {elec, rPois Will+
                  | SInv}
  2812 | D:4      | Found Muoned's Jewellery Emporium.
  3061 | D:5      | Entered Level 5 of the Dungeon
  3196 | D:5      | Reached skill level 5 in Fighting
  3669 | D:5      | Reached skill level 5 in Short Blades
  3669 | D:5      | Reached skill level 5 in Dodging
  3669 | D:5      | Reached XP level 7. HP: 51/61 MP: 8/8
  3750 | D:5      | Found a blossoming altar of Fedhas.
  4118 | D:5      | Identified the +0 helmet of Skepticism {rPois Will+}
  4279 | D:6      | Noticed a troll
  4289 | D:6      | Slain by a troll

Illustrated notes

Levels and vault maps discovered:
D:1:      lightli_arrival_chessboard, layout_basic, dk_noncrumbling_4
D:2:      layout_loops_ring, basic_altar,
          hellmonk_ecumenical_altar_pennies_from_heaven, uniq_jessica,
          uniq_robin
D:3:      layout_loops_ring, ebering_ghost_inner_flame
D:4:      layout_basic, serial_shops, nicolae_shop_competitors_out_of_business,
          nicolae_shop_trees
D:5:      layout_basic, fedhas_altar_3
D:6:      layout_basic, nicolae_gozag_seed_capital, minmay_temple_entry_trees,
          serial_aquarium, aquarium_bridge_square [aquarium_subvault_bridge,
          aquarium_subvault_bridge, aquarium_subvault_wall,
          aquarium_subvault_window], aquarium_window_1, aquarium_window_fake,
          aquarium_window_2, aquarium_view_2c, aquarium_balcony_5b,
          aquarium_pool_S, lightli_sewer_entry_pipes, minmay_misc_feat_pillars

Skill      XL: |  1  2  3  4  5  6  7 |
---------------+----------------------+-----
Armour         | 1 2 3 4 |  4.2
Fighting       | 4 5 |  5.8
Invocations    | 1 2 3 |  3.4
Short Blades   | 4 5 |  5.2
Dodging        | 4 5 |  5.2

Action                     |  1- 3 |  4- 6 |  7- 9 || total
---------------------------+-------+-------+-------++-------
  Melee: Short sword       |    42 |    16 |       ||    58
         Headbutt          |    10 |    54 |     6 ||    70
         Dagger            |       |   143 |    23 ||   166
    Use: Potion            |       |     2 |     2 ||     4
 Armour: Robe              |     3 |    20 |     5 ||    28
  Dodge: Dodged            |    26 |   136 |    22 ||   184

Table legend: (Time is in decaauts)
 A = Elapsed time spent in this place.
 B = Non-inter-level travel time spent in this place.
 C = Inter-level travel time spent in this place.
 D = Time resting spent in this place.
 E = Time spent auto-exploring this place.
 F = Levels seen in this place.
 G = Mean time per level.
                   A        B        C        D        E       F      G
               +--------+--------+--------+--------+--------+-----+--------+
         Total |   4252 |   3960 |    292 |    196 |   3242 |   6 |  708.7 |
       Dungeon |   4252 |   3960 |    292 |    196 |   3242 |   6 |  708.7 |
               +--------+--------+--------+--------+--------+-----+--------+

Top non-repeatable levels by time:
     D:5: 952 daAuts
     D:4: 931 daAuts
     D:3: 832 daAuts
     D:2: 777 daAuts
     D:1: 605 daAuts
     D:6: 153 daAuts
